 Dungeon Crawl Stone Soup version 0.30-a0-782-ge64f9170bb (webtiles) character file.

Game seed: 3013380166420135855

67 CannotBeFrozen the Grasshopper (level 3, -12/29 HPs)
             Began as a Demigod Warper on Feb 4, 2023.
             Killed by divine providence
             ... invoked by an orc priest
              (16 damage)
             ... on level 3 of the Dungeon on Feb 20, 2023.
             The game lasted 00:06:29 (2028 turns).

CannotBeFrozen the Grasshopper (Demigod Warper)     Turns: 2028, Time: 00:06:30

Health: -12/29     AC: 15    Str: 16    XL:     3   Next: 70%
Magic:  8/8        EV:  4    Int: 15    God:
Gold:   94         SH:  5    Dex: 13    Spells: 4/6 levels left

rFire   . . .      SeeInvis .    a - +0 falchion
rCold   . . .      Faith    .    m - +2 buckler
rNeg    . . .      Spirit   .    l - +5 plate armour "Akev" {rPois}
rPois   +          Reflect  .    (no helmet)
rElec   .          Harm     .    (no cloak)
rCorr   .          Rampage  .    (no gloves)
Will    .....                    (no boots) Stlth
                                 (no amulet)
HPRegen 0.24/turn                (no ring)
MPRegen 0.11/turn                (no ring)

@: no status effects
A: high MP 1, forlorn, divine attributes
a: no special abilities


You were on level 3 of the Dungeon.
You visited 1 branch of the dungeon, and saw 3 of its levels.

You collected 94 gold pieces.

Inventory:

Hand Weapons
 a - a +0 falchion (weapon)
Missiles
 d - 7 boomerangs of dispersal {=f=F}
 j - 16 stones (quivered)
Armour
 i - a +0 ring mail
 l - the +5 plate armour "Akev" (worn) {rPois}
   (You found it on level 2 of the Dungeon)

   rPois:     It protects you from poison.
 m - a +2 buckler (worn)
Scrolls
 c - a scroll of blinking
 f - a scroll of amnesia {unknown}
 g - 2 scrolls of enchant armour {unknown}
 h - 2 scrolls of identify {unknown}
 k - a scroll of vulnerability {unknown}
Potions
 b - a potion of degeneration {unknown}
 e - a potion of curing {unknown}


   Skills:
 + Level 2.0 Fighting
 - Level 2.7 Long Blades
 + Level 1.2 Throwing
 + Level 1.2 Armour
 - Level 2.0 Dodging
 - Level 2.1 Spellcasting
 - Level 3.0 Translocations


You had 4 spell levels left.
You knew the following spells:

 Your Spells              Type           Power      Damage    Failure   Level
z - Blink                 Tloc           20%        N/A       100%        2

Your spell library contained the following spells:

 Spells                   Type           Power      Damage    Failure   Level
 Lesser Beckoning         Tloc           20%        N/A       100%        2
 Teleport Other           Tloc           10%        N/A       100%        3
 Vhi's Electric Charge    Tloc/Air       12%        N/A       100%        3
 Manifold Assault         Tloc           10%        N/A       100%        4
 Malign Gateway           Summ/Tloc      3%         N/A       100%        7
 Summon Horrible Things   Summ           0%         N/A       100%        8


Dungeon Overview and Level Annotations

Branches:
Dungeon (3/15)

Annotations:
D:3 Grinder


Innate Abilities, Weirdness & Mutations

You have an increased reservoir of magic. (+10% MP)
You shall have no god before yourself.
Your divine heritage dramatically boosts your attributes as you level up.


Message History

The orc barely misses you.
The orc priest hits you but does no damage.
You barely miss the orc priest.
The orc priest is heavily wounded.
The orc hits you but does no damage. The orc priest hits you with a +0 club.
* * * LOW HITPOINT WARNING * * *
The orc hits you but does no damage.
The orc priest hits you but does no damage.
The orc hits you with a +0 falchion.
* * * LOW HITPOINT WARNING * * *
You barely miss the orc priest.
The orc priest is heavily wounded.
The orc hits you but does no damage. x2
The orc priest begins to cast a cantrip, but forgets the words!
HP: 12/29 (-3) ====-------- !
You hit the orc priest.
The orc priest is severely wounded.
The orc hits you with a +0 falchion.
* * * LOW HITPOINT WARNING * * *
The orc hits you but does no damage.
The orc priest hits you but does no damage.
HP: 8/29 (-4) ===--------- !
You hit the orc priest but do no damage.
The orc priest is severely wounded.
The orc hits you with a +0 falchion.
* * * LOW HITPOINT WARNING * * *
You block the orc's attack.
The orc priest hits you but does no damage.
HP: 7/29 (-1) ==---------- You barely miss the orc priest.
The orc priest is severely wounded.
The orc hits you with a +0 falchion.
* * * LOW HITPOINT WARNING * * *
The orc hits you but does no damage.
The orc priest hits you but does no damage.
The orc hits you but does no damage.
The orc priest calls down the wrath of Beogh upon you.
Beogh smites you!
Ouch! That really hurt!
You die...

#............##
..#
#....8.....8.#
#..
#............#
#..#.......######
#.#.......#
#.........#
##........#
##.oo....#
#.@####.# ##o.#
#.# ##.###.####
#...>oo..#
####.o...#
#...#.#
#####.o.#.###
#....o........
#.#.........#.


You could see an orc priest and 2 orcs.

Vanquished Creatures
  An adder (D:2)
  2 orcs (D:3)
  5 ball pythons
  9 endoplasms
  2 giant cockroaches
  3 goblins
  6 hobgoblins
  3 jackals (D:2)
  2 kobolds (D:2)
  2 quokkas
  5 bats
  2 frilled lizards
  6 rats
48 creatures vanquished.

Notes
Turn   | Place    | Note
-------+----------+-------------------------------------------
     0 | D:1      | CannotBeFrozen the Demigod Warper began the quest for the
                  | Orb.
     0 | D:1      | Reached XP level 1. HP: 17/17 MP: 5/5
   117 | D:1      | Reached skill level 1 in Throwing
   117 | D:1      | Reached skill level 1 in Armour
   267 | D:1      | Reached XP level 2. HP: 24/24 MP: 7/7
   270 | D:1      | Learned a level 2 spell: Blink
   536 | D:1      | Upgraded the game from 0.30-a0-739-gea05faddec to
                  | 0.30-a0-782-ge64f9170bb
   779 | D:2      | Reached XP level 3. HP: 18/29 MP: 8/8
  1127 | D:2      | Reached skill level 3 in Translocations
  1485 | D:2      | Identified the +5 plate armour "Akev" {rPois}
  1800 | D:3      | Noticed Grinder
  2028 | D:3      | Killed from afar by an orc priest

Illustrated notes

Levels and vault maps discovered:
D:1:      nicolae_arrival_memento_mori, layout_rooms, st_stairs_13, hex_large
D:2:      layout_loops_corners, ebering_ecumenical_altar_hall,
          minmay_misc_feat_secret_circle, minmay_misc_feat_roman
D:3:      layout_basic, nzn_wu_jian_council_hall, st_stairs_1,
          columned_hall_lemuel, minmay_misc_feat_chi,
          chequers_serial_rivers_micro_c, uniq_grinder

Skill      XL: |  1  2  3 |
---------------+----------+-----
Throwing       | 1 |  1.2
Armour         | 1 |  1.2
Spellcasting   | 2 |  2.1
Long Blades    | 2 |  2.7
Dodging        | 2 |  2.0
Translocations | 3 |  3.0
Fighting       | 2 |  2.0

Action                     || total
---------------------------++-------
  Melee: Falchion          ||   206
         Punch             ||     1
    Use: Scroll            ||     1
 Armour: Leather armour    ||    28
         Ring mail         ||    42
         Plate armour      ||    41
  Dodge: Dodged            ||    95
  Block: Buckler           ||     7

Table legend: (Time is in decaauts)
 A = Elapsed time spent in this place.
 B = Non-inter-level travel time spent in this place.
 C = Inter-level travel time spent in this place.
 D = Time resting spent in this place.
 E = Time spent auto-exploring this place.
 F = Levels seen in this place.
 G = Mean time per level.
                   A        B        C        D        E       F      G
               +--------+--------+--------+--------+--------+-----+--------+
         Total |   2067 |   2018 |     49 |    408 |    958 |   3 |  689.0 |
       Dungeon |   2067 |   2018 |     49 |    408 |    958 |   3 |  689.0 |
               +--------+--------+--------+--------+--------+-----+--------+

Top non-repeatable levels by time:
     D:2: 1261 daAuts
     D:1: 677 daAuts
     D:3: 128 daAuts
